AoeStats
← 鄙人張麻子

Oasis

508218731Analyzed
4v4 RM · 11d ago on Sep 21, 2026· 64m 13s· 8 players
Game mode
Random Map
Map size
Large (8 player)
Population
200
Speed
Normal
Resources
Standard
Victory
Conquest
Starting age
Dark Age
Ending age
Imperial Age
RankedLock teamsTeams togetherTeam positionsShared explorationLock speedFull tech treeHidden civsTurbo modeCheats
Victory
Defeat
🇹🇼 Magyars · Taiwan
1257
+10
🇹🇼 Britons · Taiwan
1214
+11
🇹🇼 Vietnamese · Taiwan
1038
+19
🇹🇼 Persians · Taiwan
911
+23
1132
-17
🇹🇷 Magyars · Türkiye
1095
-16
1089
-15
🇦🇷 Mongols · Argentina
1088
-15
世紀垃圾
5:49 Loom
9:49 Feudal Age
10:45 Double-Bit Axe
12:26 Fletching
13:27 Horse Collar
24:12 Castle Age
22:29 Gold Mining
22:47 Padded Archer Armor
24:14 Crossbowman
25:14 Bow Saw
25:06 Bodkin Arrow
26:57 Ballistics
30:16 Scale Barding Armor
33:19 Pikeman
51:41 Imperial Age
53:45 Elite Rattan Archer
55:53 Wheelbarrow
56:56 Two-Man Saw
57:05 Chemistry
57:25 Paper Money
57:09 Chatras
57:50 Hand Cart
58:24 Thumb Ring
57:50 Heavy Cavalry Archer
鄙人張麻子
6:52 Loom
9:01 Feudal Age
9:37 Horse Collar
9:43 Double-Bit Axe
14:12 Wheelbarrow
17:12 Gold Mining
19:57 Castle Age
21:26 Bow Saw
23:38 Heavy Plow
27:19 Hand Cart
27:24 Stone Mining
30:30 Fletching
33:18 Imperial Age
31:08 Bodkin Arrow
31:14 Padded Archer Armor
31:37 Fervor
31:57 Caravan
32:45 Ballistics
32:44 Leather Archer Armor
32:55 Town Watch
33:20 Thumb Ring
33:38 Town Patrol
33:53 Bloodlines
33:59 Husbandry
34:10 Bracer
34:41 Ring Archer Armor
34:39 Parthian Tactics
35:10 Conscription
36:02 Two-Man Saw
35:55 Scale Barding Armor
35:59 Recurve Bow
36:13 Heavy Cavalry Archer
37:18 Light Cavalry
39:11 Chain Barding Armor
38:33 Hussar
40:42 Chemistry
39:48 Siege Engineers
41:23 Coinage
44:24 Plate Barding Armor
44:27 Banking
53:14 Siege Engineers
52:50 Treadmill Crane
53:20 Masonry
54:12 Murder Holes
老雞白
5:43 Loom
9:20 Feudal Age
10:07 Double-Bit Axe
14:53 Horse Collar
21:23 Castle Age
22:46 Bow Saw
22:38 Heavy Plow
26:19 Wheelbarrow
26:25 Caravan
28:57 Hand Cart
28:54 Gold Mining
34:58 Imperial Age
32:14 Town Watch
32:25 Stone Mining
34:13 Fletching
34:24 Padded Archer Armor
34:49 Ballistics
34:10 Treadmill Crane
34:41 Masonry
35:41 Coinage
37:23 Two-Man Saw
37:12 Gold Shaft Mining
37:21 Banking
37:45 Conscription
36:46 Elite Longbowman
37:27 Bodkin Arrow
37:48 Leather Archer Armor
38:37 Chemistry
37:43 Siege Engineers
39:01 Bracer
39:00 Murder Holes
40:56 Yeomen
40:04 Pikeman
40:45 Squires
40:30 Arson
41:32 Architecture
41:12 Fortified Wall
41:36 Ring Archer Armor
41:06 Scale Mail Armor
41:16 Forging
41:55 Guilds
43:12 Chain Mail Armor
43:59 Halberdier
44:01 Man-at-Arms
44:26 Gambesons
44:33 Arrowslits
44:38 Guard Tower
45:34 Hoardings
45:02 Warwolf
46:46 Plate Mail Armor
46:51 Iron Casting
45:41 Long Swordsman
47:00 Keep
46:16 Heated Shot
46:08 Elite Skirmisher
52:24 Onager
57:26 Two-Handed Swordsman
57:30 Imperial Skirmisher
57:30 Crossbowman
63:09 Blast Furnace
62:14 Scale Barding Armor
春元胯下巨蟒
11:47 Feudal Age
15:10 Loom
17:29 Castle Age
15:21 Double-Bit Axe
15:20 Horse Collar
20:49 Bow Saw
25:47 Loom
26:09 Gold Mining
27:56 Wheelbarrow
30:45 Gold Shaft Mining
30:00 Stone Mining
30:39 Hand Cart
34:02 Imperial Age
33:11 Stone Shaft Mining
33:03 Masonry
33:11 Forging
33:07 Scale Barding Armor
33:08 Devotion
33:20 Heavy Plow
35:25 Conscription
35:43 Iron Casting
35:30 Chain Barding Armor
34:59 Elite War Elephant
36:12 Pikeman
36:52 Squires
36:38 Gambesons
36:39 Arson
37:56 Blast Furnace
36:57 Scale Mail Armor
39:54 Plate Barding Armor
40:25 Two-Man Saw
43:26 Halberdier
45:11 Guilds
45:32 Coinage
45:02 Caravan
49:42 Chain Mail Armor
56:53 Husbandry
57:03 Bloodlines
56:44 Light Cavalry
61:52 Hussar
hknarsln
12:57 Feudal Age
游侠不语只会屠民
10:45 Feudal Age
10:26 Loom
follow the white rabbit Δ
6:55 Double-Bit Axe
8:16 Wheelbarrow
11:27 Feudal Age
12:23 Hand Cart
12:20 Bow Saw
12:11 Horse Collar
13:18 Heavy Plow
15:38 Gold Mining
20:20 Castle Age
18:59 Loom
19:25 Stone Mining
20:25 Cavalier
21:45 Stone Shaft Mining
24:16 Gold Shaft Mining
25:06 Crop Rotation
27:19 Two-Man Saw
28:47 Forging
28:51 Town Watch
29:28 Scale Barding Armor
29:52 Husbandry
31:19 Burgundian Vineyards
33:44 Iron Casting
36:01 Chain Barding Armor
37:39 Fortified Wall
37:10 Treadmill Crane
37:40 Masonry
41:24 Padded Archer Armor
41:14 Fletching
41:24 Padded Archer Armor
41:14 Fletching
41:21 Crossbowman
44:45 Imperial Age
42:38 Ballistics
42:37 Leather Archer Armor
42:26 Elite Skirmisher
43:49 Bodkin Arrow
49:16 Elite Coustillier
54:09 Conscription
57:13 Paladin
60:37 Caravan
GonzaloMig
5:18 Loom
11:31 Feudal Age
14:17 Horse Collar
16:57 Castle Age
14:55 Double-Bit Axe
16:39 Fletching
20:56 Padded Archer Armor
21:55 Bow Saw
22:50 Town Watch
23:54 Wheelbarrow
24:46 Bloodlines
25:35 Husbandry
26:38 Scale Barding Armor
27:17 Bodkin Arrow
27:18 Elite Skirmisher
29:53 Gold Mining
33:37 Stone Mining
35:37 Heavy Plow
43:09 Imperial Age
41:07 Hand Cart
41:24 Ballistics
42:43 Masonry
42:29 Murder Holes
43:01 Leather Archer Armor
42:57 Forging
44:04 Bracer
44:15 Forging
44:05 Scale Mail Armor
43:46 Pikeman
44:27 Squires
45:13 Gold Shaft Mining
44:32 Arson
45:53 Stone Shaft Mining
46:20 Chemistry
46:20 Iron Casting
45:24 Light Cavalry
46:31 Chain Mail Armor
46:09 Heavy Camel Rider
48:08 Plate Mail Armor
48:39 Blast Furnace
48:01 Chain Barding Armor
47:04 Man-at-Arms
47:39 Heavy Scorpion
47:42 Capped Ram
47:45 Onager
47:47 Man-at-Arms
48:51 Chain Barding Armor
48:40 Caravan
51:29 Siege Ram
54:26 Drill
54:50 Conscription
55:06 Hoardings
54:54 Long Swordsman
58:58 Elite Mangudai
Connection lost

Rejoining the realm…

Still unreachable

The connection could not be restored.

Session expired

The server has moved on; the page needs a fresh start.